 Dungeon Crawl Stone Soup version 0.18.1-8-gdd0e5ea (webtiles) character file.

123 Quirk the Skirmisher (level 5, -1/34 HPs)
             Began as a Gargoyle Fighter on May 27, 2016.
             Slain by an orc wizard
             ... wielding a +0 dagger
              (2 damage)
             ... on level 4 of the Dungeon.
             The game lasted 00:04:49 (1958 turns).

Quirk the Skirmisher (Gargoyle Fighter)             Turns: 1958, Time: 00:04:50

Health: -1/34      AC: 11    Str: 20    XL:     5   Next: 7%
Magic:  5/5        EV:  8    Int:  9    God:
Gold:   130        SH:  9    Dex:  9    Spells: 0 memorised, 4 levels left

rFire  . . .     SeeInvis .     a - +0 flail
rCold  . . .     Gourm    .     b - +0 scale mail
rNeg   + . .     Faith    .     c - +0 shield
rPois  ∞         Spirit   .     (no helmet)
rElec  +         Dismiss  .     (no cloak)
rCorr  .         Reflect  .     (no gloves)
SustAt .         Harm     .     (no boots)
MR     .....                    (no amulet)
Stlth  ..........               (no ring)
                                (no ring)

@: not resistant to hostile enchantments, extremely unstealthy
A: negative energy resistance 1, electricity resistance, unbreathing,
petrification resistance, rot immunity, AC +4
a: no special abilities


You were on level 4 of the Dungeon.
You were very hungry.

You visited 1 branch of the dungeon, and saw 4 of its levels.

You collected 130 gold pieces.

Inventory:

Hand Weapons
 a - a +0 flail (weapon)
Armour
 b - a +0 scale mail (worn)
 c - a +0 shield (worn)
Wands
 s - a wand of iceblast (11/15)
Scrolls
 e - a scroll of fear {unknown}
 g - a scroll of fog {unknown}
 i - a scroll of magic mapping {unknown}
 k - 4 scrolls of identify {unknown}
 n - a scroll of enchant armour {unknown}
 o - 2 scrolls of amnesia {unknown}
 q - 3 scrolls of teleportation {unknown}
 u - a scroll of enchant weapon {unknown}
 x - a scroll of random uselessness {unknown}
Potions
 d - a potion of might
 j - a potion of invisibility {unknown}
 m - a potion of haste {unknown}
 p - 2 potions of ambrosia {unknown}
 r - 4 potions of brilliance {unknown}
 w - a potion of curing {unknown}
Comestibles
 f - a bread ration
 h - 2 fruits
 l - a meat ration
 t - a slice of pizza
 v - 2 beef jerkies


   Skills:
 * Level 4.3 Fighting
 + Level 2.5 Maces & Flails
 * Level 4.0 Armour
 + Level 1.5 Dodging
 + Level 3.8 Shields


You had 4 spell levels left.
You didn't know any spells.

Dungeon Overview and Level Annotations

Branches:
Dungeon (4/15)
 Temple: D:4-7

Altars:
Makhleb
Nemelex Xobeh
Xom

Annotations:
D:4 Quirk's ghost, amateur TrFi


Innate Abilities, Weirdness & Mutations

You are resistant to torment.
Your stone body is resilient (AC +4).
You are immune to poison.
You resist negative energy.
You are resistant to electric shocks.
You can survive without breathing.
You are immune to petrification.
You are immune to rotting.


Message History

The magic dart hits you!
The orc priest calls upon Beogh to heal the orc wizard.
The orc wizard is healed somewhat.
The orc wizard gestures at you while chanting.
The magic dart hits you!
You hit the orc wizard.
The orc wizard is heavily wounded.
The orc wizard hits you but does no damage.
The orc wizard barely misses you.
You closely miss the orc wizard.
The orc wizard is heavily wounded.
You block the orc wizard's attack.
The orc wizard hits you but does no damage.
The orc priest calls down the wrath of Beogh upon you.
Beogh smites you!
* * * LOW HITPOINT WARNING * * *
You closely miss the orc wizard.
The orc wizard is heavily wounded.
The orc wizard hits you with a dagger.
You die...

#.########.#
o.o....... #.# #.#
.........# #.# #.#
......?..# #.#
######.# .........#
#.# #......#
.........# #.#
#.###### .........#
#.# #.#
........W####.# #.#
......?.oo@...# #.#
........o###### #.#
##.####.#....####.#
#.#.##....#.#########
#.#.......#.........#
#.#.......#########.#
#.#.......#########.#
#.#.#####...........#
#.#.#################


You could see an orc priest, an orc wizard, Quirk's ghost and an orc.

Vanquished Creatures
  A gnoll (D:1)
  5 adders
  A worm (D:3)
  A dart slug (D:2)
  A giant gecko (D:2)
  5 orcs
  4 giant cockroaches
  12 goblins
  3 hobgoblins
  2 jackals (D:2)
  6 bats
  A giant newt (D:1)
  9 kobolds
  A quokka skeleton (D:4)
  9 rats
61 creatures vanquished.

Notes
Turn   | Place    | Note
--------------------------------------------------------------
     0 | D:1      | Quirk the Gargoyle Fighter began the quest for the Orb.
     0 | D:1      | Reached XP level 1. HP: 14/14 MP: 1/1
    98 | D:1      | Reached XP level 2. HP: 15/19 MP: 2/2
   228 | D:1      | Reached XP level 3. HP: 24/24 MP: 3/3
   647 | D:1      | Reached skill level 1 in Dodging
   762 | D:2      | Reached XP level 4. HP: 26/29 MP: 4/4
  1049 | D:2      | Found a burning altar of Makhleb.
  1319 | D:3      | Reached XP level 5. HP: 33/34 MP: 5/5
  1403 | D:3      | Found a shimmering altar of Xom.
  1525 | D:3      | Found a sparkling altar of Nemelex Xobeh.
  1941 | D:4      | Noticed Quirk's ghost (amateur TrFi)
  1957 | D:4      | HP: 1/34 [orc priest/divine providence (13)]
  1958 | D:4      | Slain by an orc wizard

Skill      XL: |  1  2  3  4 |
---------------+-------------+-----
Dodging        | 1 |  1.5
Fighting       | 4 |  4.3
Armour         | 4 |  4.0
Maces & Flails | |  2.5
Shields        | |  3.8

Action                   |  1- 3 |  4- 6 || total
-------------------------+-------+-------++-------
Melee: Flail             |   156 |   130 ||   286
  Eat: Chunk             |       |     3 ||     3
Armor: Scale mail        |    95 |    89 ||   184
Dodge: Dodged            |    64 |    49 ||   113
Block: Shield            |   127 |    85 ||   212
